 Dungeon Crawl Stone Soup version 0.29.1-12-g30fa7ad0bf (webtiles) character file.

Game seed: 10261829248883954324

65 zeram the Ducker (level 3, -4/19 HPs)
             Began as a Spriggan Fighter on Dec 13, 2022.
             Slain by Natasha (6 damage)
             ... on level 2 of the Dungeon.
             The game lasted 00:02:12 (2003 turns).

zeram the Ducker (Spriggan Fighter)                 Turns: 2003, Time: 00:02:12

Health: -4/19      AC:  2    Str: 12    XL:     3   Next: 94%
Magic:  4/4        EV: 17    Int: 11    God:
Gold:   91         SH:  6    Dex: 14    Spells: 2/2 levels left

rFire   + . .      SeeInvis +   a - +1 rapier
rCold   . . .      Faith    .   c - +0 buckler
rNeg    . . .      Spirit   .   b - +0 robe
rPois   .          Reflect  .   (helmet restricted)
rElec   .          Harm     .   (no cloak)
rCorr   .          Rampage  .   (gloves unavailable)
Will    .....                   (boots unavailable)
Stlth   +.........              (no amulet)
HPRegen 0.06/turn               f - ring of protection from fire
MPRegen 0.09/turn               (no ring)

@: very quick
A: very small, no large weapons, unfitting armour, see invisible, speed 3
a: no special abilities


You were on level 2 of the Dungeon.
You visited 1 branch of the dungeon, and saw 2 of its levels.

You collected 91 gold pieces.

Inventory:

Hand Weapons
 a - a +1 rapier (weapon)
Armour
 b - a +0 robe (worn)
 c - a +0 buckler (worn)
Jewellery
 f - a ring of protection from fire (left hand)
 h - a +4 ring of slaying
Scrolls
 j - a scroll of blinking
Potions
 d - a potion of might
 e - a potion of mutation
 i - a potion of curing {unknown}
 m - a potion of ambrosia {unknown}


   Skills:
 + Level 2.8 Fighting
 + Level 3.3 Short Blades
 + Level 4.6 Dodging
 + Level 0.4 Stealth
 + Level 2.4 Shields


You had 2 spell levels left.
You didn't know any spells.
Your spell library was empty.

Dungeon Overview and Level Annotations

Branches:
Dungeon (2/15)

Altars:

Annotations:
D:2 Natasha


Innate Abilities, Weirdness & Mutations

You are very small and have problems with some larger weapons.
You are too small for most types of armour.
You have supernaturally acute eyesight. (SInv)
You cover ground extremely quickly. (Speed+++)


Message History

The magic dart hits you.
Natasha is nearby!
You hit Natasha but do no damage. Natasha closely misses you.
You closely miss Natasha. Natasha misses you.
You hit Natasha.
Natasha is lightly wounded.
Natasha claws you. You block Natasha's attack.
You barely miss Natasha.
Natasha is lightly wounded.
Natasha misses you.
You miss Natasha.
Natasha is lightly wounded.
You block Natasha's attack.
You closely miss Natasha.
Natasha is lightly wounded.
Natasha closely misses you.
You hit Natasha.
Natasha is lightly wounded.
Natasha closely misses you.
You hit Natasha.
Natasha is moderately wounded.
You block Natasha's attack.
Natasha stares at you and mumbles some strange words.
The magic dart hits you!
* * * LOW HITPOINT WARNING * * *
You hit Natasha but do no damage.
Natasha is moderately wounded.
Natasha claws you.
* * * LOW HITPOINT WARNING * * *
You barely miss Natasha.
Natasha is moderately wounded.
Natasha misses you.
You hit Natasha.
Natasha is moderately wounded.
Natasha claws you.
* * * LOW HITPOINT WARNING * * *
You hit Natasha but do no damage.
Natasha is moderately wounded.
Natasha claws you.
You die...

########## #...†....# #
#####.######.#
...##.####.........##>#
#....h@...###.###.##.#
##.....#### #(# #.##.#
##...## #.###.##.# ##.#
#........# ...
#####..### ###. #...# #
##.## #####.## #......#


You could see Natasha.

Vanquished Creatures
  Natasha (D:2)
  A dart slug (D:1)
  2 ball pythons (D:2)
  2 endoplasms
  5 giant cockroaches
  5 goblins (D:1)
  A hobgoblin (D:1)
  A quokka (D:1)
  4 bats
  5 frilled lizards
  4 kobolds
  8 rats
39 creatures vanquished.

Notes
Turn   | Place    | Note
-------+----------+-------------------------------------------
     0 | D:1      | zeram the Spriggan Fighter began the quest for the Orb.
     0 | D:1      | Reached XP level 1. HP: 11/11 MP: 2/2
   223 | D:1      | Reached XP level 2. HP: 12/16 MP: 3/3
   485 | D:1      | Found a faded altar of an unknown god.
   930 | D:1      | Reached XP level 3. HP: 18/19 MP: 4/4
  1684 | D:2      | Noticed Natasha
  1693 | D:2      | Killed Natasha
  1987 | D:2      | Noticed Natasha
  2003 | D:2      | Slain by Natasha

Illustrated notes

Levels and vault maps discovered:
D:1:      dpeg_arrival_simpleton_a, layout_basic, basic_ecumenical_altar,
          minmay_misc_feat_chi
D:2:      layout_loops_corners, uniq_natasha

Skill      XL: |  1  2  3 |
---------------+----------+-----
Short Blades   | 3 |  3.3
Fighting       | |  2.8
Dodging        | |  4.6
Stealth        | |  0.4
Shields        | |  2.4

Action                   || total
-------------------------++-------
Melee: Rapier            ||   120
  Use: Scroll            ||     5
 Stab: Sleeping          ||     2
Armor: Robe              ||    11
Dodge: Dodged            ||    69
Block: Buckler           ||    26
